 Dungeon Crawl Stone Soup version 0.21-a0-496-g696f58f (webtiles) character file.

11711 4thArraOfDagon the Martial Artist (level 11, 0/47 HPs)
             Began as a Vine Stalker Abyssal Knight on Nov 23, 2017.
             Was an Elder of Lugonu.
             Slain by a centaur (5 damage)
             ... led by a centaur warrior
             ... on level 13 of the Dungeon.
             The game lasted 00:29:16 (5672 turns).

4thArraOfDagon the Martial Artist (VSAK)            Turns: 5672, Time: 00:29:17

Health: 0/47       AC:  6    Str: 16    XL:     11   Next: 82%
Magic:  0/19       EV: 11    Int: 13    God:    Lugonu [****..]
Gold:   345        SH:  0    Dex: 17    Spells: 10/10 levels left

rFire    + . .     SeeInvis .     - Unarmed
rCold    + . .     Gourm    .   (no shield)
rNeg     + . .     Faith    .   M - +0 troll leather armour
rPois    +         Spirit   +   I - +0 hat {Int+3}
rElec    .         Reflect  .   K - +0 cloak
rCorr    .         Harm     .   (no gloves)
MR       ++...     Clarity  +   h - +0 pair of boots "Loruef" {rC+ rN+ MR+ Int-5}
Stlth    +.........             (no amulet)
HPRegen  0.95/turn              i - ring of Edull {+Fly rPois rF+}
MPRegen  0.16/turn              (no ring)

@: no status effects
A: fangs 3, agile 1, clarity, frail 1, poison resistance, regeneration 1, strong
1, magic shield, antimagic bite, no potion heal 3, rot immunity
a: Depart the Abyss, Bend Space, Banish, Corrupt, Renounce Religion, Evoke
Flight


You were on level 13 of the Dungeon.
You worshipped Lugonu.
Lugonu was greatly pleased with you.
You were not hungry.

You visited 1 branch of the dungeon, and saw 13 of its levels.
You visited the Abyss 1 time.

You collected 542 gold pieces.
You spent 197 gold pieces at shops.

Inventory:

Missiles
 x - 6 curare-tipped needles
Armour
 a - a +0 leather armour
 c - a +1 pair of boots of stealth
 h - the +0 pair of boots "Loruef" (worn) {rC+ rN+ MR+ Int-5}
   (You acquired it on level 1 of the Dungeon)

   It affects your intelligence (-5).
   It protects you from cold.
   It protects you from negative energy.
   It affects your resistance to hostile enchantments.
 l - a +0 ring mail
 E - a cursed -2 robe
 I - a +0 hat of intelligence (worn)
 K - a +0 cloak (worn)
 M - a +0 troll leather armour (worn)
Magical Staves
 y - an uncursed staff of cold
 B - an uncursed staff of energy {!a}
Jewellery
 i - the ring of Edull (left hand) {+Fly rPois rF+}
   (You acquired it on level 1 of the Dungeon)

   [ring of flight]

   It protects you from fire.
   It protects you from poison.
   It lets you fly.
Wands
 m - a wand of scattershot (9)
 z - a wand of digging (7)
 A - a wand of iceblast (7)
Scrolls
 e - 3 scrolls of amnesia {unknown}
 f - 2 scrolls of random uselessness {unknown}
 j - 5 scrolls of remove curse
 n - 3 scrolls of fog {unknown}
 o - a scroll of enchant armour {unknown}
 s - 3 scrolls of magic mapping
 t - 3 scrolls of teleportation
 u - a scroll of noise
Potions
 d - a potion of brilliance
 k - a potion of magic {unknown}
 p - a potion of ambrosia
 q - a potion of berserk rage
 r - a potion of cancellation
 v - 2 potions of might
 w - a potion of invisibility
 D - 2 potions of curing
 F - a potion of lignification
 G - 2 potions of flight
 H - a potion of haste
Comestibles
 b - 7 bread rations
 g - a meat ration
 C - 2 royal jellies
 J - 4 chunks of flesh


   Skills:
 + Level 4.0 Fighting
 - Level 2.0 Armour
 - Level 1.0 Dodging
 * Level 14.3 Unarmed Combat
 - Level 10.0 Invocations
 + Level 2.7 Evocations


You had 10 spell levels left.
You didn't know any spells.

Dungeon Overview and Level Annotations

Branches:
Dungeon (13/15)            Temple (0/1) D:4             Orc (0/2) D:10
   Lair: D:8-11      Vaults: D:13-14

Altars:
Cheibriados
Gozag
Sif Muna
Wu Jian
Zin
The Shining One

Shops:
D:4 *   D:8 *[[[=

Annotations:
D:4 Soeti's ghost, novice TrMo
D:9 Gastronok
D:11 Fannar
D:12 exclusion: ice statue
Abyss:1 Psyche


Innate Abilities, Weirdness & Mutations

You have razor-sharp teeth.
Your natural rate of healing is unusually fast.
When hurt, damage is shared between your health and your magic reserves.
Your bite disrupts and absorbs the magic of your enemies.
Potions cannot restore your health.
You are immune to rotting.
You are agile. (Dex +2)
You possess an exceptional clarity of mind.
You are frail. (-10% HP)
Your system is resistant to poisons. (rPois)
Your muscles are strong. (Str +2)


Message History

Unknown command.
You hit the centaur.
The centaur is lightly wounded.
The centaur hits you but does no damage.
The centaur misses you.
Unknown command.
You barely miss the centaur.
The centaur is lightly wounded.
The centaur hits you. The centaur hits you!
* * * LOW HITPOINT WARNING * * *
The centaur hits you but does no damage.
Unknown command.
Unknown command.
You closely miss the centaur.
The centaur is lightly wounded.
The centaur hits you but does no damage.
The centaur hits you.
* * * LOW HITPOINT WARNING * * *
The centaur hits you.
You die...

..# #.# ..§# #.#
cc.# #.# ...# #.#
..c# #.# ...# #(#
...# #<##...##..
.#####.@c.......
........cc.......
#################


You could see 3 centaurs.

Vanquished Creatures
  Pikel (D:9)
  Maurice (D:9)
  A centaur zombie (D:12)
  3 trolls
  Prince Ribbit (D:6)
  A hippogriff (D:5)
  A shadow (D:11)
  11 yaks
  A water moccasin (D:9)
  3 porcupines (D:9)
  2 hornet zombies
  2 slaves (D:9)
  3 orc warriors
  3 ice beasts
  3 black bears
  2 sky beasts
  4 ogres
  3 phantoms
  A necrophage (D:5)
  8 centaurs
  3 big kobolds
  6 bullfrogs
  A water moccasin zombie (D:9)
  A wyvern skeleton (D:9)
  3 scorpions
  A water moccasin skeleton (D:8)
  5 killer bees (D:11)
  9 wights
  6 crimson imps
  3 jellies
  A quasit (D:6)
  4 orc priests
  2 hounds
  3 iguanas
  11 orc wizards
  10 worker ants
  A hound zombie (D:8)
  A hound skeleton (D:6)
  A worker ant zombie (D:8)
  4 gnolls (D:7)
  13 adders
  2 shadow imps
  An adder zombie (D:6)
  An adder skeleton (D:6)
  A dart slug (D:1)
  7 leopard geckos
  28 orcs
  4 giant cockroaches
  7 goblins
  6 hobgoblins
  4 jackals (D:9)
  3 quokkas
  2 bats
  4 frilled lizards
  22 kobolds
  6 rats
242 creatures vanquished.

Vanquished Creatures (collateral kills)
  A yak (D:11)
1 creature vanquished.

Vanquished Creatures (others)
  2 hydras
  A centaur warrior (D:13)
  2 two-headed ogres
  An unseen horror (D:11)
  3 yaks
  5 fungi (D:9)
  3 plants (D:9)
17 creatures vanquished.

Grand Total: 260 creatures vanquished

Notes
Turn   | Place    | Note
-------+----------+-------------------------------------------
     0 | Abyss:1  | 4thArraOfDagon the Vine Stalker Abyssal Knight began the quest for the Orb.
     0 | Abyss:1  | Reached XP level 1. HP: 11/11 MP: 3/3
    23 | Abyss:2  | Found a corrupted altar of Lugonu.
    56 | Abyss:2  | Noticed a wretched star
    59 | D:1      | Escaped the Abyss
   162 | D:1      | Reached * piety under Lugonu
   162 | D:1      | Reached skill level 1 in Dodging
   162 | D:1      | Reached XP level 2. HP: 6/16 MP: 1/4
   163 | D:1      | Identified 3 scrolls of acquirement
   164 | D:1      | Got a pair of crude boots
   170 | D:1      | Identified the +0 pair of boots "Loruef" {rC+ rN+ MR+ Int-5} (You acquired it on level 1 of the Dungeon)
   171 | D:1      | Got a scorched pewter ring
   172 | D:1      | Identified the ring of Edull {+Fly rPois rF+} (You acquired it on level 1 of the Dungeon)
   352 | D:2      | Found an ornate altar of the Wu Jian Council.
   674 | D:1      | Reached XP level 3. HP: 18/19 MP: 5/5
   975 | D:3      | Reached skill level 3 in Unarmed Combat
  1189 | D:2      | Gained mutation: Your natural rate of healing is unusually fast. [Vine Stalker growth]
  1189 | D:2      | Reached XP level 4. HP: 5/24 MP: 4/6
  1314 | D:3      | Reached skill level 4 in Unarmed Combat
  1522 | D:3      | Reached XP level 5. HP: 28/28 MP: 7/7
  1688 | D:4      | Found a glowing golden altar of the Shining One.
  1688 | D:4      | Found a deep blue altar of Sif Muna.
  1710 | D:4      | Found a staircase to the Ecumenical Temple.
  1847 | D:4      | Reached ** piety under Lugonu
  1862 | D:4      | Found Cupaaci's Assorted Antiques.
  1876 | D:4      | Reached skill level 5 in Unarmed Combat
  1886 | D:4      | Bought a scroll labeled MUYREAT EPRUIPH for 30 gold pieces
  1886 | D:4      | Bought a scroll labeled SASUMU AFUED for 30 gold pieces
  1886 | D:4      | Bought a silvery potion for 27 gold pieces
  1896 | D:4      | Found a snail-covered altar of Cheibriados.
  1910 | D:4      | Reached XP level 6. HP: 23/32 MP: 7/9
  1932 | D:5      | Entered Level 5 of the Dungeon
  1986 | D:5      | Noticed a sky beast
  2025 | D:5      | Killed a sky beast
  2028 | D:5      | Gained mutation: You are frail. (-10% HP) [mutagenic meat]
  2030 | D:5      | Gained mutation: You possess an exceptional clarity of mind. [mutagenic meat]
  2031 | D:5      | Gained mutation: Your muscles are strong. (Str +2) [mutagenic meat]
  2032 | D:5      | Gained mutation: Your system is resistant to poisons. (rPois) [mutagenic meat]
  2033 | D:5      | Gained mutation: You are agile. (Dex +2) [mutagenic meat]
  2085 | D:4      | Noticed Soeti's ghost (novice TrMo)
  2122 | D:4      | Found a glowing silver altar of Zin.
  2323 | D:5      | Reached skill level 6 in Unarmed Combat
  2323 | D:5      | Reached XP level 7. HP: 32/32 MP: 10/10
  2507 | D:6      | Reached skill level 7 in Unarmed Combat
  2604 | D:5      | Noticed a hippogriff
  2615 | D:5      | Killed a hippogriff
  2615 | D:5      | Reached skill level 5 in Invocations
  2615 | D:5      | Gained mutation: You have razor-sharp teeth. [Vine Stalker growth]
  2615 | D:5      | Reached XP level 8. HP: 19/36 MP: 6/12
  2680 | D:6      | Thaneod: teraz wszystkie bronie holy wrath mają (holy)?
  2697 | D:6      | Reached skill level 8 in Unarmed Combat
  2699 | D:6      | 4thArraOfDagon: ta
  2699 | D:6      | 4thArraOfDagon: a co?
  2749 | D:6      | Noticed Prince Ribbit
  2759 | D:6      | Killed Prince Ribbit
  2771 | D:6      | Found a glowing silver altar of Zin.
  2805 | D:6      | Reached skill level 9 in Unarmed Combat
  2822 | D:6      | Thaneod: w 0.20 też
  2952 | D:6      | Reached XP level 9. HP: 39/39 MP: 14/14
  2959 | D:6      | 4thArraOfDagon: zawsze tak bylo chyba
  3196 | D:7      | Reached *** piety under Lugonu
  3234 | D:7      | Reached skill level 10 in Unarmed Combat
  3517 | D:8      | Noticed a two-headed ogre
  3530 | D:8      | Banished a two-headed ogre
  3553 | D:8      | Thaneod: nie
  3589 | D:8      | Thaneod: była broń holy wrath
  3596 | D:8      | Reached skill level 11 in Unarmed Combat
  3605 | D:8      | Thaneod: i osobno (holy)
  3610 | D:8      | Found Meemm's General Store.
  3618 | D:8      | Noticed Psyche
  3618 | D:8      | Banished Psyche
  3705 | D:8      | Reached XP level 10. HP: 35/44 MP: 11/16
  3720 | D:8      | 4thArraOfDagon: aaa
  3720 | D:8      | 4thArraOfDagon: no to roznica nazw tylko
  3720 | D:8      | 4thArraOfDagon: bo efekt taki sam :)
  3802 | D:8      | Found Muqat's Armour Shoppe.
  3998 | D:8      | Found Bepo Hui's Antique Armour Emporium.
  4017 | D:8      | Found Sefi Losh's Jewellery Boutique.
  4018 | D:8      | Found Vuplelae's Armour Emporium.
  4026 | D:8      | Bought a +0 hat of intelligence for 110 gold pieces
  4156 | D:9      | Reached **** piety under Lugonu
  4215 | D:9      | Reached skill level 12 in Unarmed Combat
  4291 | D:9      | Noticed a two-headed ogre
  4305 | D:9      | Banished a two-headed ogre
  4344 | D:9      | Noticed Maurice
  4363 | D:9      | Killed Maurice
  4434 | D:9      | Noticed Gastronok
  4507 | D:9      | Noticed Pikel
  4562 | D:9      | Killed Pikel
  4562 | D:9      | Reached skill level 13 in Unarmed Combat
  4623 | D:9      | Reached XP level 11. HP: 27/46 MP: 12/19
  4724 | D:10     | Entered Level 10 of the Dungeon
  4724 | D:10     | Found a staircase to the Orcish Mines.
  4749 | D:11     | Noticed Fannar
  4907 | D:11     | Banished an unseen horror
  5034 | D:11     | Noticed an eight-headed hydra
  5052 | D:11     | Banished an eight-headed hydra
  5241 | D:11     | Reached skill level 10 in Invocations
  5302 | D:12     | Reached skill level 1 in Evocations
  5447 | D:12     | Noticed a five-headed hydra
  5455 | D:12     | Banished a five-headed hydra
  5492 | D:12     | Found an opulent altar of Gozag.
  5525 | D:12     | Reached skill level 14 in Unarmed Combat
  5654 | D:13     | Noticed a centaur warrior
  5655 | D:13     | Banished a centaur warrior
  5672 | D:13     | Slain by a centaur

Vault maps used:
D:1:      onia_arrival_pentagram
D:2:      marbit_many_paths
D:3:      first_bread
D:4:      cheibriados_altar_1, lemuel_coloured_pillars_altar,
          gammafunk_temple_overflow_wave, kennysheep_mini_moat,
          minmay_temple_entry_poolview, serial_shops, shop_statue
D:5:      minmay_misc_feat_more_columns, minmay_misc_feat_tower,
          kennysheep_diamond, hangedman_decor_points
D:6:      nicolae_overflow_hidden_temple, lemuel_statue_altar,
          uniq_prince_ribbit1
D:8:      serial_shops, shop_statue, shop, shop,
          nicolae_shop_temple_entry_statues_fountains, shop, grunt_ogre_cave,
          uniq_psyche
D:9:      grunt_lair_entry_orc_guard_hut, minmay_misc_feat_alley,
          kennysheep_small_spiral, uniq_maurice, uniq_pikel, uniq_gastronok
D:10:     orc_0_dummy, serial_shops, nicolae_shop_trees
D:11:     special_room, uniq_urug, uniq_fannar
D:12:     minivault_16, serial_bayou_lagoon_a,
          nicolae_gozag_cash_rules_everything_around_me
D:13:     minmay_strange_plus, david_vaults_2, basic_altar
Abyss:2:  hangedman_abyss_or_decor_stabs

Skill      XL: |  1  2  3  4  5  6  7  8  9 10 11 |
---------------+----------------------------------+-----
Dodging        | 1 |  1.0
Fighting       | 3 4 |  4.0
Armour         | 2 |  2.0
Unarmed Combat | 3 4 5 6 7 9 11 13 14 | 14.3
Invocations    | 2 3 5 6 7 9 10 | 10.0
Evocations     | 2 |  2.7

Action                   |  1- 3 |  4- 6 |  7- 9 | 10-12 || total
-------------------------+-------+-------+-------+-------++-------
Melee: Unarmed           |   126 |   166 |   257 |   434 ||   983
       Bite              |    23 |    42 |    76 |   132 ||   273
       Punch             |     1 |     8 |    11 |    25 ||    45
Throw: Throwing net      |       |       |       |     2 ||     2
Invok: Depart the Abyss  |     1 |       |       |       ||     1
       Banish            |       |       |     3 |     8 ||    11
 Abil: Evoke Flight      |       |       |       |     2 ||     2
Evoke: Wand              |       |     1 |     4 |    15 ||    20
  Use: Scroll            |     3 |     6 |     2 |     5 ||    16
       Potion            |       |     2 |       |     1 ||     3
  Eat: Chunk             |     1 |    10 |     3 |     7 ||    21
       Royal jelly       |       |       |     1 |       ||     1
       Fruit             |       |       |       |     4 ||     4
Armor: Leather armour    |    25 |       |       |       ||    25
       Ring mail         |    21 |    50 |    70 |    96 ||   237
       Troll leather arm |       |       |       |    12 ||    12
       Skin              |       |       |       |     2 ||     2
Dodge: Dodged            |    56 |    74 |   123 |   196 ||   449

Table legend:
 A = Spawn XP
 B = Non-spawn XP
 C = Spawn XP percentage of total XP
 D = Spawn monster count
 E = Non-spawn monster count
 F = Spawn count percentage of total count
 G = Total turns spent on level
                    A         B        C        D         E        F      G
               +---------+---------+-------+---------+---------+-------+---------
         Total |       0 |   16730 |   0.0 |       0 |     248 |   0.0 |  5672
               +---------+---------+-------+---------+---------+-------+---------
           D:1 |       0 |      32 |   0.0 |       0 |      19 |   0.0 |   497
           D:2 |       0 |      51 |   0.0 |       0 |      15 |   0.0 |   703
           D:3 |       0 |      99 |   0.0 |       0 |      14 |   0.0 |   408
           D:4 |       0 |     159 |   0.0 |       0 |       7 |   0.0 |   377
           D:5 |       0 |     988 |   0.0 |       0 |      14 |   0.0 |   507
           D:6 |       0 |    1085 |   0.0 |       0 |      26 |   0.0 |   469
           D:7 |       0 |     767 |   0.0 |       0 |      16 |   0.0 |   375
           D:8 |       0 |    2119 |   0.0 |       0 |      35 |   0.0 |   536
           D:9 |       0 |    4296 |   0.0 |       0 |      38 |   0.0 |   793
          D:11 |       0 |    3256 |   0.0 |       0 |      35 |   0.0 |   588
          D:12 |       0 |    3180 |   0.0 |       0 |      26 |   0.0 |   246
          D:13 |       0 |     698 |   0.0 |       0 |       3 |   0.0 |    38
               +---------+---------+-------+---------+---------+-------+---------
